 Dungeon Crawl Stone Soup version 0.27-a0-732-ga892ba84f6 (webtiles) character file.

Game seed: 6324860268261881449

233 dickylongcocking the Sneak (level 6, -5/38 HPs)
             Began as an Octopode Arcane Marksman on Mar 23, 2021.
             Slain by an orc
             ... wielding a +0 short sword
              (6 damage)
             ... on level 3 of the Dungeon.
             The game lasted 00:04:31 (3544 turns).

dickylongcocking the Sneak (OpAM)                   Turns: 3544, Time: 00:04:32

Health: -5/38      AC:  1    Str: 10    XL:     6   Next: 4%
Magic:  7/7        EV: 13    Int: 17    God:
Gold:   115        SH:  0    Dex: 12    Spells: 3/7 levels left

rFire    . . .     SeeInvis .     - Unarmed
rCold    + . .     Faith    .   (no shield)
rNeg     . . .     Spirit   .   (helmet restricted)
rPois    .         Reflect  .   (no amulet)
rElec    .         Harm     .   e - ring of protection from cold
rCorr    .         Rampage  .   (no ring)
Will     .....                  (no ring)
Stlth    +++.......             (no ring)
HPRegen  0.12/turn              (no ring)
MPRegen  0.10/turn              (no ring)
                                (no ring)
                                (no ring)

@: hasted, very quick
A: almost no armour, amphibious, 8 rings, camouflage 1, gelatinous body 1,
nimble swimmer 1, tentacles
a: no special abilities


You were on level 3 of the Dungeon.
You visited 1 branch of the dungeon, and saw 3 of its levels.

You collected 115 gold pieces.

Inventory:

Missiles
 b - 6 javelins (quivered)
 c - a throwing net
 i - 2 boomerangs
Jewellery
 e - a ring of protection from cold (left tentacle)
Wands
 k - a wand of iceblast (10)
Scrolls
 a - a scroll of amnesia {unknown}
 d - a scroll of enchant armour {unknown}
 g - a scroll of fear {unknown}
 h - 4 scrolls of identify {unknown}
 j - 2 scrolls of noise {unknown}


   Skills:
 - Level 1.0 Fighting
 - Level 2.0 Throwing
 - Level 2.0 Dodging
 + Level 4.2 Stealth
 + Level 3.0 Unarmed Combat
 - Level 1.0 Spellcasting
 - Level 3.0 Hexes
 * Level 3.2 Translocations


You had 3 spell levels left.
You knew the following spells:

 Your Spells              Type           Power      Damage    Failure   Level
a - Corona                Hex            12%        N/A       6%          1
b - Portal Projectile     Hex/Tloc       22%        N/A       19%         3

Your spell library contained the following spells:

 Spells                   Type           Power      Damage    Failure   Level
 Blink                    Tloc           N/A        N/A       9%          2
 Slow                     Hex            11%        N/A       10%         2
 Magic Dart               Conj           0%         1d3       22%         1
 Call Imp                 Summ           0%         N/A       32%         2
 Inner Flame              Hex/Fire       5%         N/A       34%         3
 Conjure Flame            Conj/Fire      0%         6-21      54%         3
 Mephitic Cloud           Conj/Pois/Air  0%         N/A       54%         3
 Cause Fear               Hex            5%         N/A       52%         4
 Leda's Liquefaction      Hex/Erth       2%         N/A       75%         4


Dungeon Overview and Level Annotations

Branches:
Dungeon (3/15)

Altars:
Hepliaklqana
Wu Jian


Innate Abilities, Weirdness & Mutations

You cannot wear most types of armour.
You are amphibious.
You can wear up to eight rings at the same time.
Your skin changes colour to match your surroundings (Stealth+).
Your rubbery body absorbs attacks. (AC +1, EV +1)
You are stealthy while swimming. (Stealth+)
You have tentacles for arms and can constrict up to eight enemies at once.


Message History

Unknown command.
You tentacle-slap the orc wizard but do no damage.
You squeeze the orc wizard.
The orc wizard is almost dead.
You constrict the orc wizard.
The orc wizard points at you and mumbles some strange words.
The puff of flame hits you!
Unknown command.
You release your grip on the orc wizard.
The orc wizard casts a spell at you. The puff of flame hits you!
Unknown command.
The orc wizard gestures at you while chanting.
The puff of flame hits you!
* * * LOW HITPOINT WARNING * * *
You see here a scroll labelled COTIPO HACVUJ.
Unknown command.
You closely miss the orc wizard. Your grab misses the orc wizard.
The orc wizard is almost dead.
Unknown command.
You barely miss the orc wizard. You grab the orc wizard.
The orc wizard is almost dead.
You constrict the orc wizard.
You kill the orc wizard!
You have reached level 6!
Your experience leads to an increase in your attributes!
Increase (S)trength, (I)ntelligence, or (D)exterity?
Uppercase letters only, please.
Uppercase letters only, please.
Uppercase letters only, please.
Uppercase letters only, please.
Uppercase letters only, please.
Uppercase letters only, please.
You feel clever.
Unknown command.
Unknown command.
Okay, then.
Okay, then.
You feel yourself speed up. The orc hits you with a +0 short sword.
You die...

#..........
#####........ .# #.#
#..##...# ...#.#
#.......#
###.##.###...#...#
.(#.#.............
#)#.##.##...##...#
#o#.#.............
#@#.#.......##...#
#.####.#...............
#................##...#
..................##...#
#########...............
###..#..#.##.#.<
..............
#.............
#.#####.##.#.#


You could see an orc.

Vanquished Creatures
  A quasit (D:3)
  2 orc wizards (D:3)
  3 gnolls (D:2)
  6 adders
  An adder zombie (D:2)
  A worm (D:2)
  2 dart slugs (D:2)
  2 orcs (D:3)
  3 giant cockroaches
  2 goblins
  7 hobgoblins
  5 kobolds
  2 oozes (D:3)
  2 quokkas
  6 ball pythons
  5 bats
  2 frilled lizards
  A jackal skeleton (D:2)
  11 rats
  A spectral hobgoblin (D:2)
65 creatures vanquished.

Notes
Turn   | Place    | Note
-------+----------+-------------------------------------------
     0 | D:1      | dickylongcocking the Octopode Arcane Marksman began the
                  | quest for the Orb.
     0 | D:1      | Reached XP level 1. HP: 13/13 MP: 2/2
   187 | D:1      | Reached skill level 1 in Unarmed Combat
   211 | D:1      | Reached skill level 1 in Stealth
   260 | D:1      | Reached XP level 2. HP: 18/18 MP: 3/3
   809 | D:2      | Reached skill level 2 in Stealth
  1100 | D:2      | Reached XP level 3. HP: 21/23 MP: 4/4
  1148 | D:2      | Learned a level 3 spell: Portal Projectile
  1556 | D:2      | You fall into a shaft and drop 1 floor!
  1556 | D:3      | Found a faded altar of an unknown god.
  1557 | D:3      | Found an ornate altar of the Wu Jian Council.
  1580 | D:3      | Reached skill level 3 in Stealth
  1580 | D:3      | Reached skill level 1 in Translocations
  1580 | D:3      | Reached XP level 4. HP: 17/28 MP: 5/5
  2400 | D:2      | Reached XP level 5. HP: 9/33 MP: 6/6
  3207 | D:2      | Found a hazy altar of Hepliaklqana.
  3536 | D:3      | Reached skill level 4 in Stealth
  3541 | D:3      | HP: 1/33 [orc wizard/puff of flame (11)]
  3544 | D:3      | Reached XP level 6. HP: 1/38 MP: 7/7
  3544 | D:3      | Slain by an orc

Illustrated notes

Levels and vault maps discovered:
D:1:      heliophobic_arrival_dark_side_of_the_moon, layout_basic
D:2:      wad_river_or_something, layout_basic,
          nicolae_hepliaklqana_monster_ancestors
D:3:      minmay_general_purpose_star, layout_basic, old_standard_altar,
          chequers_ecumenical_altar_island

Skill      XL: |  1  2  3  4  5 |
---------------+----------------+-----
Unarmed Combat | 1 2 3 |  3.0
Stealth        | 1 2 3 4 |  4.2
Translocations | 1 2 3 |  3.2
Fighting       | |  1.0
Throwing       | |  2.0
Dodging        | |  2.0
Spellcasting   | |  1.0
Hexes          | |  3.0

Action                   |  1- 3 |  4- 6 || total
-------------------------+-------+-------++-------
Melee: Unarmed           |    90 |    69 ||   159
       Constrict         |    27 |    21 ||    48
       Tentacles         |    16 |    12 ||    28
       Punch             |     2 |     1 ||     3
Throw: Javelin           |     2 |    13 ||    15
       Throwing net      |       |     3 ||     3
  Use: Potion            |       |     3 ||     3
 Stab: Sleeping          |    10 |     7 ||    17
Armor: Skin              |    12 |     3 ||    15
Dodge: Dodged            |    68 |    53 ||   121

Table legend: (Time is in decaauts)
 A = Elapsed time spent in this place.
 B = Non-inter-level travel time spent in this place.
 C = Inter-level travel time spent in this place.
 D = Time resting spent in this place.
 E = Time spent auto-exploring this place.
 F = Levels seen in this place.
 G = Mean time per level.
                   A        B        C        D        E       F      G
               +--------+--------+--------+--------+--------+-----+--------+
         Total |   3525 |   3460 |     65 |    432 |   2539 |   3 | 1175.0 |
       Dungeon |   3525 |   3460 |     65 |    432 |   2539 |   3 | 1175.0 |
               +--------+--------+--------+--------+--------+-----+--------+

Top non-repeatable levels by time:
     D:2: 1874 daAuts
     D:3: 862 daAuts
     D:1: 788 daAuts
